 Dungeon Crawl Stone Soup version 0.24-a0-411-g4df2b1290f (webtiles) character file.

Game seed: 6894735847175518681

1008 zaaaap the Chopper (level 8, -5/70 HPs)
             Began as a Minotaur Berserker on June 6, 2019.
             Was an Elder of Trog.
             Slain by a nine-headed hydra (12 damage)
             ... on level 6 of the Dungeon.
             The game lasted 00:12:34 (4781 turns).

zaaaap the Chopper (Minotaur Berserker)             Turns: 4781, Time: 00:12:34

Health: -5/70      AC: 10    Str: 21    XL:     8   Next: 1%
Magic:  7/7        EV: 10    Int:  4    God:    Trog [****..]
Gold:   423        SH:  0    Dex: 13    Spells: 7/7 levels left

rFire    . . .     SeeInvis .   r - +0 war axe
rCold    . . .     Gourm    +   (no shield)
rNeg     . . .     Faith    .   j - +0 chain mail
rPois    .         Spirit   .   (helmet restricted)
rElec    .         Reflect  .   (no cloak)
rCorr    .         Harm     .   (no gloves)
MR       .....                  (no boots)
Stlth    ..........             n - amulet of the gourmand
HPRegen  0.21/turn              (no ring)
MPRegen  0.10/turn              (no ring)

@: no status effects
A: retaliatory headbutt, horns 2
a: Berserk, Trog's Hand, Brothers in Arms, Renounce Religion


You were on level 6 of the Dungeon.
You worshipped Trog.
Trog was greatly pleased with you.
You were completely stuffed.

You visited 1 branch of the dungeon, and saw 6 of its levels.

You collected 423 gold pieces.

Inventory:

Hand Weapons
 a - a +0 hand axe
 r - a +0 war axe (weapon)
Armour
 j - a +0 chain mail (worn)
Jewellery
 n - an amulet of the gourmand (around neck)
 v - a +3 ring of evasion {unknown}
Wands
 m - a wand of disintegration (15)
 x - a wand of paralysis (11)
Scrolls
 b - 3 scrolls of enchant weapon {unknown}
 d - 3 scrolls of amnesia {unknown}
 e - 3 scrolls of identify
 f - 7 scrolls of remove curse
 l - 2 scrolls of enchant armour {unknown}
 o - 3 scrolls of teleportation {unknown}
 p - 2 scrolls of blinking {unknown}
 q - 2 scrolls of immolation {unknown}
 s - a scroll of fog {unknown}
 t - a scroll of noise {unknown}
 w - a scroll of fear {unknown}
Potions
 g - 3 potions of berserk rage
 h - a potion of heal wounds
 i - 3 potions of curing
 k - a potion of cancellation
Comestibles
 c - 4 rations
 u - 3 chunks of flesh


   Skills:
 + Level 6.3 Fighting
 * Level 7.4 Axes
 + Level 5.6 Armour
 + Level 5.2 Dodging


You had 7 spell levels left.
You didn't know any spells.
Your spell library was empty.

Dungeon Overview and Level Annotations

Branches:
Dungeon (6/15)             Temple (0/1) D:4

Altars:
Ashenzari
Dithmenos
Hepliaklqana
Makhleb
Wu Jian
Xom
Yredelemnul
The Shining One


Innate Abilities, Weirdness & Mutations

You reflexively headbutt those who attack you in melee.
You have a pair of horns on your head.


Message History

The nine-headed hydra closely misses you.
The nine-headed hydra bites you but does no damage. x2
The nine-headed hydra bites you! The nine-headed hydra bites you.
The nine-headed hydra bites you!
The nine-headed hydra bites you but does no damage.
The nine-headed hydra bites you!
The nine-headed hydra bites you but does no damage.
Aiming: Disintegrate
Press: ? - help, Shift-Dir - straight line, f - bullfrog skeleton
Aim: a bullfrog skeleton (heavily damaged, chance to defeat MR: 76%)
The nine-headed hydra easily resists.
The nine-headed hydra bites you. The nine-headed hydra bites you!
* * * LOW HITPOINT WARNING * * *
The nine-headed hydra bites you!
* * * LOW HITPOINT WARNING * * *
The nine-headed hydra bites you.
* * * LOW HITPOINT WARNING * * *
The nine-headed hydra bites you but does no damage.
The nine-headed hydra bites you!
You die...

....# ##....#
#..... #....
#... #Z. #D##
#@.# ######.#
.....#.###
#.....#
##.#.#.######.#
#.............#
#..#.#.########
#......#
#..#.###


You could see a nine-headed hydra and a bullfrog skeleton.

Vanquished Creatures
  Eustachio (D:4)
  An ogre (D:5)
  A scorpion (D:5)
  A crimson imp (D:5)
  An orc priest (D:5)
  2 hounds
  A jelly (D:5)
  A centaur skeleton (D:4)
  4 orc wizards
  2 iguanas
  4 worker ants
  Robin (D:2)
  8 adders
  3 gnolls (D:4)
  A howler monkey skeleton (D:4)
  A shadow imp (D:5)
  An ooze (D:5)
  4 worms
  A dart slug (D:2)
  2 leopard geckos
  18 orcs
  9 bats
  3 giant cockroaches
  14 goblins
  14 hobgoblins
  8 jackals
  17 kobolds
  6 quokkas
  A ball python (D:1)
  9 frilled lizards
  4 rats
144 creatures vanquished.

Notes
Turn   | Place    | Note
-------+----------+-------------------------------------------
     0 | D:1      | zaaaap the Minotaur Berserker began the quest for the Orb.
     0 | D:1      | Reached XP level 1. HP: 19/19 MP: 0/0
    43 | D:1      | Reached XP level 2. HP: 22/27 MP: 1/1
   240 | D:1      | Reached skill level 4 in Axes
   395 | D:1      | Reached XP level 3. HP: 27/33 MP: 2/2
  1049 | D:2      | Reached ** piety under Trog
  1077 | D:2      | Found a faded altar of an unknown god.
  1083 | D:2      | Reached XP level 4. HP: 38/40 MP: 3/3
  1181 | D:2      | Noticed Robin
  1197 | D:2      | Killed Robin
  1446 | D:2      | Reached XP level 5. HP: 43/47 MP: 4/4
  1518 | D:2      | Found a burning altar of Makhleb.
  1703 | D:2      | You fall into a shaft and drop 2 floors!
  1999 | D:2      | Reached *** piety under Trog
  2007 | D:2      | Reached skill level 5 in Axes
  2043 | D:2      | Found a glowing golden altar of the Shining One.
  2343 | D:3      | Reached skill level 5 in Fighting
  2431 | D:3      | Reached XP level 6. HP: 47/56 MP: 5/5
  3020 | D:4      | Found a staircase to the Ecumenical Temple.
  3117 | D:4      | Noticed Eustachio
  3118 | D:4      | Found a shimmering altar of Xom.
  3129 | D:4      | Killed Eustachio
  3767 | D:5      | Entered Level 5 of the Dungeon
  3781 | D:5      | Reached skill level 6 in Axes
  3786 | D:5      | Reached XP level 7. HP: 19/61 MP: 6/6
  4016 | D:5      | Reached skill level 5 in Armour
  4325 | D:5      | Found a hazy altar of Hepliaklqana.
  4326 | D:5      | Found a shattered altar of Ashenzari.
  4327 | D:5      | Found an ornate altar of the Wu Jian Council.
  4388 | D:5      | Reached skill level 5 in Dodging
  4416 | D:5      | Reached skill level 7 in Axes
  4447 | D:5      | Reached **** piety under Trog
  4627 | D:5      | Found a shadowy altar of Dithmenos.
  4628 | D:5      | Found a basalt altar of Yredelemnul.
  4713 | D:6      | Reached XP level 8. HP: 65/70 MP: 7/7
  4775 | D:6      | Noticed a seven-headed hydra
  4781 | D:6      | Slain by a nine-headed hydra

Levels and vault maps discovered:
D:1:      scummos_arrival_checkerplants, layout_loops_ring
D:2:      layout_basic, makhleb_heckhound_becter,
          chequers_ecumenical_altar_island, tso_metal_star, uniq_robin
D:3:      layout_rooms
D:4:      layout_layer_cave, xom_teletrap_fun, minmay_temple_entry_mist,
          first_ration, hangedman_abyss_or_decor_slice, feat_on_display,
          uniq_eustachio
D:5:      layout_rooms, chequers_temple_overflow_statue_of_worship,
          gammafunk_temple_overflow_pools
D:6:      minmay_opposing_rooms, layout_loops_ring

Skill      XL: |  1  2  3  4  5  6  7 |
---------------+----------------------+-----
Axes           | 4 5 6 7 |  7.4
Fighting       | 4 5 6 |  6.3
Armour         | 3 4 5 |  5.6
Dodging        | 3 4 5 |  5.2

Action                   |  1- 3 |  4- 6 |  7- 9 || total
-------------------------+-------+-------+-------++-------
Melee: Hand axe          |    59 |   130 |       ||   189
       Headbutt          |     7 |    31 |    16 ||    54
       War axe           |       |    14 |    69 ||    83
Invok: Berserk           |     1 |     5 |       ||     6
Evoke: Wand              |       |       |     1 ||     1
  Use: Scroll            |       |     5 |       ||     5
  Eat: Chunk             |     1 |    11 |    12 ||    24
       Ration            |       |     1 |       ||     1
Armor: Animal skin       |    12 |       |       ||    12
       Scale mail        |     9 |       |       ||     9
       Chain mail        |       |   114 |    45 ||   159
Dodge: Dodged            |    47 |   114 |    43 ||   204

Table legend:
 A = Non-vault XP
 B = Vault XP
 C = Vault XP percentage of total XP
 D = Non-vault monster count
 E = Vault monster count
 F = Vault count percentage of total count
                 A         B        C        D         E       F
            +---------+---------+-------+---------+---------+-------
      Total |    1166 |     275 |  19.1 |     129 |      15 |  10.4
            +---------+---------+-------+---------+---------+-------
        D:1 |      50 |       0 |   0.0 |      29 |       0 |   0.0
        D:2 |     141 |      79 |  35.9 |      34 |      14 |  29.2
        D:3 |     109 |       0 |   0.0 |      27 |       0 |   0.0
        D:4 |     109 |     196 |  64.3 |      10 |       1 |   9.1
        D:5 |     698 |       0 |   0.0 |      26 |       0 |   0.0
        D:6 |      59 |       0 |   0.0 |       3 |       0 |   0.0
            +---------+---------+-------+---------+---------+-------
